 Dungeon Crawl Stone Soup version 0.25-a0-50-gf0389da217 (webtiles) character file.

Game seed: 18353162975521977550, levelgen mode: deterministic

2695 Froggeryz the Cleaver (level 9, -3/75 HPs)
             Began as a Hill Orc Fighter on Oct 24, 2019.
             Slain by an ice beast (12 damage)
             ... on level 6 of the Dungeon.
             The game lasted 00:11:15 (4321 turns).

Froggeryz the Cleaver (Hill Orc Fighter)            Turns: 4321, Time: 00:11:16

Health: -3/75      AC:  7    Str: 24      XL:     9   Next: 65%
Magic:  12/12      EV:  7    Int: 10      God:
Gold:   257        SH:  9    Dex:  9 (11) Spells: 12/12 levels left

rFire    . . .     SeeInvis .   a - +0 war axe
rCold    . . .     Gourm    .   c - +0 shield
rNeg     . . .     Faith    .   b - +0 scale mail
rPois    .         Spirit   .   (helmet restricted)
rElec    .         Reflect  .   (no cloak)
rCorr    +         Harm     .   (no gloves)
MR       .....     Clarity  +   (no boots)
Stlth    ..........             (no amulet)
HPRegen  0.62/turn              y - ring of resist corrosion
MPRegen  0.13/turn              k - +5 ring of strength

@: no status effects
A: antennae 1, clarity, regeneration 1
a: no special abilities


You were on level 6 of the Dungeon.
You were very hungry.

You visited 2 branches of the dungeon, and saw 9 of its levels.
You also visited: Ossuary.

You collected 257 gold pieces.

Inventory:

Hand Weapons
 a - a +0 war axe (weapon)
Missiles
 e - 32 sling bullets
 p - 23 poisoned darts (quivered)
 C - 5 javelins
Armour
 b - a +0 scale mail (worn)
 c - a +0 shield (worn)
Jewellery
 k - a +5 ring of strength (right hand)
 n - a +2 ring of evasion
 s - an uncursed amulet of magic regeneration {unknown}
 u - an uncursed ring of protection from cold
 w - an uncursed ring of see invisible
 y - a ring of resist corrosion (left hand)
 z - an uncursed ring of magical power {unknown}
Scrolls
 g - 4 scrolls of remove curse
 h - a scroll of noise {unknown}
 i - 4 scrolls of fog {unknown}
 j - 7 scrolls of identify {unknown}
 l - 3 scrolls of enchant armour {unknown}
 q - a scroll of teleportation {unknown}
 t - 2 scrolls of random uselessness {unknown}
 v - a scroll of blinking {unknown}
 x - 3 scrolls of fear {unknown}
 B - a scroll of amnesia {unknown}
 D - a scroll of enchant weapon {unknown}
 H - 2 scrolls of magic mapping {unknown}
Potions
 d - a potion of might
 m - a potion of cancellation
 o - a potion of haste {unknown}
 r - a potion of mutation
 A - a potion of lignification {unknown}
 E - a potion of berserk rage
 F - a potion of invisibility {unknown}
 G - a potion of degeneration {unknown}
Comestibles
 f - 13 rations


   Skills:
 - Level 6.1 Fighting
 - Level 14.1 Axes
 + Level 5.1 Armour
 - Level 3.2 Shields
 + Level 2.0 Spellcasting


You had 12 spell levels left.
You didn't know any spells.
Your spell library contained the following spells:

 Spells                   Type           Power        Failure   Level  Hunger
 Animate Skeleton         Necr           N/A          97%         1    ##.....
 Apportation              Tloc           #.....       97%         1    ##.....
 Confusing Touch          Hex            #.....       97%         1    ##.....
 Summon Small Mammal      Summ           #...         97%         1    ##.....


Dungeon Overview and Level Annotations

Branches:
Dungeon (8/15)             Temple (1/1) D:6         Ossuary (visited)
   Lair: D:8-11

Altars:
Cheibriados
Dithmenos
Elyvilon
Fedhas
Gozag
Hepliaklqana
Kikubaaqudgha
Nemelex Xobeh
Qazlal
Ru
Trog
Uskayaw
Vehumet
Wu Jian
Xom
Yredelemnul
Zin
The Shining One

Annotations:
D:6 1 runed translucent door, Crazy Yiuf


Innate Abilities, Weirdness & Mutations

You have a pair of small antennae on your head.
You possess an exceptional clarity of mind.
Your natural rate of healing is unusually fast.


Message History

The orc warrior is lightly wounded.
You hit the ice beast but do no damage. You block the ice beast's attack.
Your shield and scale mail prevent you from hitting the orc warrior.
The orc warrior is lightly wounded.
You hit the ice beast but do no damage. You block the orc warrior's attack.
You block the ice beast's attack.
Your scale mail prevents you from hitting the orc warrior.
The orc warrior is lightly wounded.
You hit the ice beast.
The orc warrior hits you with a +0 long sword!
The ice beast hits you but does no damage.
You hit the orc warrior.
The orc warrior is lightly wounded.
You closely miss the ice beast.
The orc warrior hits you with a +0 long sword!
* * * LOW HITPOINT WARNING * * *
The ice beast hits you.
* * * LOW HITPOINT WARNING * * *
The ice beast freezes you!
You die...

[##.# .# # ## .# .. .#
.# #. $# .# #. #.#### .#
#. #...........# .#
##.##..##<......#
...##.Yo...##.......####
.......@$..##...........
..<..###..>##...[...####
... #_'?..##.......# .
...###...##.......#
...................####
..##....#.#####.##.....
##.........>....####
#.############## #.


You could see an orc warrior and an ice beast.

Vanquished Creatures
  Pikel (D:4)
  A hungry ghost (D:7)
  Edmund (D:4)
  A sky beast (D:6)
  3 slaves (D:4)
  An ogre (D:5)
  4 elf zombies (Ossuary)
  3 bullfrogs
  A scorpion (D:6)
  6 killer bees
  A crimson imp (D:7)
  A human zombie (Ossuary)
  A bullfrog zombie (D:7)
  6 hounds
  2 jellies
  An orc wizard (D:2)
  2 quasits
  A centaur skeleton (D:4)
  2 iguanas
  Natasha (thrice) (D:2)
  3 worker ants
  A killer bee zombie (D:6)
  A big kobold zombie (Ossuary)
  A hound skeleton (D:6)
  3 mummies (Ossuary)
  7 adders
  A shadow imp (D:6)
  An ooze (D:1)
  3 adder zombies (Ossuary)
  An adder skeleton (D:6)
  2 worms
  3 dart slugs
  2 leopard geckos
  6 orcs
  9 bats
  3 giant cockroaches
  A gnoll zombie (Ossuary)
  9 goblins
  8 hobgoblins
  2 jackals (D:1)
  5 quokkas
  A ball python (D:3)
  8 frilled lizards
  6 goblin zombies (Ossuary)
  2 hobgoblin zombies (Ossuary)
  2 jackal zombies (Ossuary)
  10 kobolds
  6 kobold zombies (Ossuary)
  An orc zombie (Ossuary)
  4 quokka zombies (Ossuary)
  10 rats
  3 rat zombies (Ossuary)
167 creatures vanquished.

Vanquished Creatures (others)
  The ghost of Sondor the Chopper, an amateur DsCK of Xom (D:4)
1 creature vanquished.

Grand Total: 168 creatures vanquished

Notes
Turn   | Place    | Note
-------+----------+-------------------------------------------
     0 | D:1      | Froggeryz the Hill Orc Fighter began the quest for the Orb.
     0 | D:1      | Reached XP level 1. HP: 19/19 MP: 1/1
    27 | D:1      | Reached skill level 3 in Axes
    38 | D:1      | Reached XP level 2. HP: 27/27 MP: 2/2
   332 | D:1      | Reached skill level 4 in Axes
   336 | D:1      | Reached XP level 3. HP: 30/33 MP: 3/3
   468 | D:2      | Noticed Natasha
   475 | D:2      | Killed Natasha
   642 | D:2      | Noticed Natasha
   646 | D:2      | Killed Natasha
   646 | D:2      | Reached skill level 5 in Axes
   646 | D:2      | Reached XP level 4. HP: 40/41 MP: 4/4
   702 | D:2      | Found a stormy altar of Qazlal.
   704 | D:2      | Noticed Natasha
   715 | D:2      | Killed Natasha
   792 | D:2      | Reached XP level 5. HP: 38/47 MP: 5/5
   954 | D:2      | Reached skill level 5 in Fighting
   974 | D:2      | Found a sacrificial altar of Ru.
   984 | D:2      | Reached skill level 6 in Axes
  1559 | D:3      | Reached XP level 6. HP: 51/56 MP: 6/6
  1782 | D:4      | Reached skill level 7 in Axes
  1947 | D:4      | Noticed Edmund
  1962 | D:4      | Killed Edmund
  1962 | D:4      | Reached skill level 8 in Axes
  1962 | D:4      | Reached XP level 7. HP: 47/61 MP: 2/7
  2000 | D:4      | Found a runed translucent door.
  2080 | D:4      | Noticed Pikel
  2144 | D:4      | Killed Pikel
  2144 | D:4      | Reached skill level 10 in Axes
  2144 | D:4      | Reached XP level 8. HP: 56/69 MP: 8/8
  2181 | D:4      | Noticed Sondor's ghost (amateur DsCK)
  2206 | D:4      | Found a radiant altar of Vehumet.
  2217 | D:4      | Gained mutation: You possess an exceptional clarity of
                  | mind. [potion of mutation]
  2217 | D:4      | Gained mutation: Your natural rate of healing is unusually
                  | fast. [potion of mutation]
  2217 | D:4      | Gained mutation: You have a pair of small antennae on your
                  | head. [potion of mutation]
  2221 | D:4      | Killed Sondor's ghost
  2221 | D:4      | Reached skill level 11 in Axes
  2277 | D:4      | Found a glowing silver altar of Zin.
  2453 | D:4      | Found a blossoming altar of Fedhas.
  2767 | D:5      | Entered Level 5 of the Dungeon
  2792 | D:5      | You fall into a shaft and drop 2 floors!
  2801 | D:7      | Found a shimmering altar of Xom.
  2816 | D:8      | Reached skill level 12 in Axes
  3074 | D:7      | Reached skill level 13 in Axes
  3093 | D:7      | Reached XP level 9. HP: 13/74 MP: 9/9
  3303 | D:7      | Found a sand-covered staircase.
  3311 | Ossuary  | Entered an ossuary
  3346 | Ossuary  | Reached skill level 14 in Axes
  3709 | D:6      | Reached skill level 1 in Spellcasting
  3930 | D:6      | Found a runed translucent door.
  3931 | D:6      | Noticed Crazy Yiuf
  4027 | D:6      | Found a staircase to the Ecumenical Temple.
  4038 | Temple   | Entered the Ecumenical Temple
  4238 | D:6      | Reached skill level 5 in Armour
  4304 | D:6      | Found a white marble altar of Elyvilon.
  4321 | D:6      | Slain by an ice beast

Levels and vault maps discovered:
D:1:      dpeg_arrival_rhombus, layout_rooms, minivault_25,
          minmay_misc_feat_more_columns
D:2:      layout_rooms, old_standard_altar, nicolae_ru_great_annihilating_truth,
          kennysheep_generic_room_5, uniq_natasha
D:3:      layout_rooms, first_ration, minmay_cupped
D:4:      layout_loops_corners, lemuel_doored_altar, kennysheep_mini,
          fiery_altar_vehumet, ebering_ghost_reflecting_pool, uniq_pikel,
          uniq_edmund
D:5:      layout_basic, led_sif_book, marbit_many_paths, old_standard_altar,
          okawaru_metal_pillars_1_2
D:6:      layout_loops_ring, kennysheep_mini_moat,
          minmay_temple_entry_statues_pillars, uniq_crazy_yiuf_cottage
D:7:      layout_rooms, kennysheep_little_box, basic_altar,
          chequers_ossuary_entry_cave
D:8:      layout_basic, serial_shops, shop, hangedman_little_slice_of_home
Temple:   minmay_temple_curvy_loop

Skill      XL: |  1  2  3  4  5  6  7  8  9 |
---------------+----------------------------+-----
Axes           | 3 4 5 6 8 10 13 14 | 14.1
Fighting       | 4 5 6 |  6.1
Armour         | 5 |  5.1
Spellcasting   | 2 |  2.0
Shields        | |  3.2

Action                   |  1- 3 |  4- 6 |  7- 9 || total
-------------------------+-------+-------+-------++-------
Melee: War axe           |    80 |   225 |   358 ||   663
  Use: Potion            |       |       |     6 ||     6
       Scroll            |       |       |     1 ||     1
 Stab: Paralysed         |       |     1 |       ||     1
  Eat: Chunk             |       |     4 |     9 ||    13
Armor: Scale mail        |    46 |    71 |   130 ||   247
Dodge: Dodged            |    30 |    91 |    96 ||   217
Block: Shield            |    52 |   110 |   171 ||   333

Table legend:
 A = Non-vault XP
 B = Vault XP
 C = Vault XP percentage of total XP
 D = Non-vault monster count
 E = Vault monster count
 F = Vault count percentage of total count
                 A         B        C        D         E       F
            +---------+---------+-------+---------+---------+-------
      Total |    2264 |    1587 |  41.2 |     114 |      51 |  30.9
            +---------+---------+-------+---------+---------+-------
        D:1 |      37 |       0 |   0.0 |      18 |       0 |   0.0
        D:2 |     130 |      86 |  39.8 |      26 |       8 |  23.5
        D:3 |      63 |       7 |  10.0 |      22 |       3 |  12.0
        D:4 |     232 |     927 |  80.0 |      13 |       3 |  18.8
        D:5 |     116 |       0 |   0.0 |       1 |       0 |   0.0
        D:6 |     631 |       0 |   0.0 |      17 |       0 |   0.0
        D:7 |     799 |       0 |   0.0 |      12 |       0 |   0.0
        D:8 |     256 |       0 |   0.0 |       5 |       0 |   0.0
    Ossuary |       0 |     567 | 100.0 |       0 |      37 | 100.0
            +---------+---------+-------+---------+---------+-------
